AoeStats
← waLLefps.

Arena

507710034Analyzed
4v4 RM · 12d ago on Sep 19, 2026· 41m 19s· 8 players
Game mode
Random Map
Map size
Large (8 player)
Population
200
Speed
Normal
Resources
Standard
Victory
Conquest
Starting age
Dark Age
Ending age
Imperial Age
RankedLock teamsTeams togetherTeam positionsShared explorationLock speedFull tech treeHidden civsTurbo modeCheats
Victory
Defeat
🇹🇷 Hindustanis · Türkiye
1446
+9
🇹🇷 Malay · Türkiye
1426
+10
🇨🇳 Vietnamese · China
1402
+11
🇨🇳 Mongols · China
1375
+12
🇨🇳 Sicilians · China
1355
-13
1328
-12
🇨🇳 Italians · China
1305
-11
🇨🇳 Franks · China
1140
-6
谢por
9:18 Feudal Age
13:24 Castle Age
11:53 Double-Bit Axe
21:36 Bow Saw
23:18 Wheelbarrow
23:58 Gold Mining
23:49 Horse Collar
25:21 Loom
27:08 Hand Cart
31:33 Heavy Plow
37:21 Imperial Age
34:40 Town Watch
35:08 Scale Barding Armor
35:13 Forging
35:11 Husbandry
35:21 Bloodlines
36:02 Bloodlines
38:07 Iron Casting
37:53 Chain Barding Armor
37:35 Elite Steppe Lancer
37:36 Light Cavalry
37:43 Capped Ram
38:45 Siege Ram
39:57 Fortified Wall
42:25 Blast Furnace
41:16 Fletching
41:26 Padded Archer Armor
klostrofobikköstebek
10:36 Feudal Age
14:26 Castle Age
12:34 Double-Bit Axe
12:39 Horse Collar
15:35 Heavy Plow
16:38 Wheelbarrow
20:20 Loom
23:03 Hand Cart
23:41 Bow Saw
23:22 Gold Mining
28:44 Imperial Age
27:03 Scale Barding Armor
27:36 Forging
28:06 Gold Shaft Mining
27:22 Stone Mining
27:54 Husbandry
28:05 Bloodlines
29:04 Chain Barding Armor
29:20 Iron Casting
28:54 Heavy Camel Rider
30:48 Chemistry
30:55 Plate Barding Armor
31:41 Two-Man Saw
31:17 Stone Shaft Mining
31:18 Imperial Camel Rider
34:12 Blast Furnace
35:20 Padded Archer Armor
35:11 Fletching
35:57 Grand Trunk Road
36:58 Leather Archer Armor
36:39 Bodkin Arrow
40:18 Coinage
41:11 Ring Archer Armor
40:41 Bracer
Himekaido_LiSA
10:43 Feudal Age
14:41 Castle Age
16:37 Loom
18:02 Fletching
18:05 Horse Collar
20:59 Double-Bit Axe
28:08 Imperial Age
25:45 Gold Mining
27:23 Bodkin Arrow
30:21 Ballistics
30:25 Bracer
31:30 Thumb Ring
33:38 Chemistry
34:13 Padded Archer Armor
39:44 Pikeman
41:21 Squires
41:23 Scale Mail Armor
41:35 Forging
waLLefps.
11:36 Feudal Age
15:56 Castle Age
14:00 Double-Bit Axe
14:16 Horse Collar
16:17 Bow Saw
18:07 Heavy Plow
19:17 Forging
20:21 Loom
21:03 Squires
20:48 Arson
22:10 Gold Mining
24:11 Wheelbarrow
23:33 Fletching
26:05 Iron Casting
34:39 Imperial Age
33:27 Elite Karambit Warrior
36:11 Blast Furnace
35:38 Conscription
38:07 Hand Cart
40:35 Town Watch
米德维奇小学副校长
11:09 Feudal Age
14:40 Castle Age
15:10 Horse Collar
15:40 Double-Bit Axe
18:30 Bow Saw
21:53 Wheelbarrow
22:36 Wheelbarrow
24:12 Loom
24:16 Town Watch
24:50 Hand Cart
26:21 Gold Mining
26:23 Stone Mining
27:41 Scale Barding Armor
30:20 Imperial Age
28:25 Bloodlines
28:28 Forging
30:06 Stone Shaft Mining
31:31 Iron Casting
31:18 Chain Barding Armor
30:23 Cavalier
32:44 Chemistry
32:51 Paladin
34:27 Guilds
35:35 Blast Furnace
34:35 Fletching
35:33 Bodkin Arrow
36:14 Plate Barding Armor
38:40 Padded Archer Armor
电竞吴彦祖
11:46 Feudal Age
12:57 Double-Bit Axe
16:02 Castle Age
22:05 Bow Saw
27:16 Scale Barding Armor
27:52 Husbandry
28:45 Gold Mining
29:28 Chain Barding Armor
32:46 Imperial Age
31:52 Forging
33:07 Gold Shaft Mining
33:49 Iron Casting
34:09 Plate Barding Armor
33:57 Chivalry
33:42 Cavalier
35:24 Paladin
39:51 Blast Furnace
余念
10:17 Feudal Age
13:57 Castle Age
12:15 Double-Bit Axe
15:40 Bow Saw
16:02 Loom
20:21 Wheelbarrow
19:33 Horse Collar
20:25 Heavy Plow
21:12 Gold Mining
23:36 Stone Mining
27:45 Fletching
33:43 Stone Shaft Mining
36:39 Imperial Age
34:21 Padded Archer Armor
35:02 Bodkin Arrow
37:28 Masonry
37:35 Fortified Wall
37:57 Conscription
38:12 Hand Cart
38:43 Bracer
38:58 Leather Archer Armor
陌陌伽
10:34 Feudal Age
15:13 Castle Age
14:47 Double-Bit Axe
18:38 Bow Saw
18:10 Horse Collar
25:34 Fletching
25:45 Arson
26:00 Squires
31:54 Gold Mining
34:31 Gold Shaft Mining
39:20 Scale Mail Armor
39:31 Forging
39:47 Fletching
40:16 Chain Mail Armor
39:52 Fletching
Connection lost

Rejoining the realm…

Still unreachable

The connection could not be restored.

Session expired

The server has moved on; the page needs a fresh start.